 Dungeon Crawl Stone Soup version 0.25-a0-435-g4b9beb1024 (webtiles) character file.

Game seed: 15003635583828787171, levelgen mode: deterministic

1506233 bmfx the Metallomancer (level 27, 309/309 HPs)
             Began as an Ogre Earth Elementalist on Jan 26, 2020.
             Was the Champion of Vehumet.
             Escaped with the Orb
             ... and 3 runes on Jan 27, 2020!
             The game lasted 03:52:10 (101852 turns).

bmfx the Metallomancer (Ogre Earth Elementalist)  Turns: 101852, Time: 03:52:10

Health: 309/309    AC: 14    Str: 15    XL:     27
Magic:  49/60      EV: 24    Int: 25    God:    Vehumet [******]
Gold:   6784       SH: 35    Dex: 14    Spells: 7/74 levels left

rFire    + + +     SeeInvis .   a - staff of earth
rCold    . . .     Gourm    .   w - +8 large shield
rNeg     + + .     Faith    .   N - +2 robe {Archmagi}
rPois    .         Spirit   .   P - +2 hat
rElec    +         Reflect  +   T - +2 cloak of Spring {rElec rF++ Str-5 Slay+3}
rCorr    .         Harm     .   (gloves unavailable)
MR       +++..                  (boots unavailable)
Stlth    +.........             A - brooch of Shielding {Reflect SH+8}
HPRegen  0.61/turn              x - ring "Seidelime" {+Fly rN++ MP+9}
MPRegen  0.37/turn              I - ring of Zienues {MR+ EV+5 Dex+3}

@: no status effects
A: large, unfitting armour, iridescent scales 2, agile 1, blurry vision 1, fire
resistance 1, tough skin 1
0: Orb of Zot
}: 3/15 runes: decaying, serpentine, silver
a: Renounce Religion, Evoke Flight


You escaped.
You worshipped Vehumet.
Vehumet was exalted by your worship.
You were very full.

You visited 11 branches of the dungeon, and saw 53 of its levels.
You visited 1 bazaar.
You also visited: Ossuary, Ice Cave and Desolation.

You collected 10382 gold pieces.
You spent 3598 gold pieces at shops.


Innate Abilities, Weirdness & Mutations

You are too large for most types of armour.
You have tough skin. (AC +1)
You are mostly covered in iridescent scales. (AC +4)
You are agile. (Dex +2)
Scrolls take you a little longer to read.
Your flesh is heat resistant. (rF+)

Dungeon Overview and Level Annotations

Branches:
Dungeon (15/15)            Temple (1/1) D:5            Lair (6/6) D:10
  Swamp (4/4) Lair:3        Snake (4/4) Lair:2        Slime (0/5) Lair:5
    Orc (2/2) D:11            Elf (3/3) Orc:2        Vaults (5/5) D:13
  Crypt (3/3) Vaults:3       Tomb (0/3) Crypt:3      Depths (5/5) D:15
    Zot (5/5) Depths:5    Ossuary (visited)           IceCv (visited)
Desolation (visited)

Altars:
Ashenzari
Cheibriados
Dithmenos
Elyvilon
Gozag
Hepliaklqana
Kikubaaqudgha
Makhleb
Nemelex Xobeh
Okawaru
Qazlal
Ru
Sif Muna
Trog
Uskayaw
Vehumet
Wu Jian
Xom
Yredelemnul
Beogh
Lugonu

Shops:
D:8 [(=**   D:10 ?   Orc:1 }   Orc:2 [*   Elf:2 *   Snake:2 }   Snake:4 }[
Vaults:1 *   Vaults:2 [?   Vaults:3 [

Portals:
Hell: Lair:6 Depths:1 Depths:2 Depths:3 Depths:4 Depths:5
Abyss: Depths:4
Pandemonium: Depths:2 Depths:3 Depths:5
Ziggurat: Depths:4


   Skills:
 - Level 24.0 Fighting
 - Level 12.0 Staves
 - Level 15.0 Dodging
 - Level 1.4 Stealth
 - Level 15.0 Shields
 - Level 24.0 Spellcasting
 + Level 15.5 Conjurations
 - Level 6.0 Summonings
 - Level 6.0 Translocations
 - Level 0.8 Transmutations
 - Level 24.0 Earth Magic
 - Level 12.0 Evocations


You had 7 spell levels left.
You knew the following spells:

 Your Spells              Type           Power        Failure   Level  Hunger
a - Apportation           Tloc           ######       1%          1    None
j - Aura of Abjuration    Summ           ######....   2%          5    None
w - Passwall              Tmut/Erth      ########     0%          2    None
A - Borgnjor's Vile Clut  Necr/Erth      ########..   1%          5    None
B - Shatter               Erth           ########..   1%          9    ######.
C - Summon Lightning Spi  Summ/Air       ######..     3%          4    None
D - Lee's Rapid Deconstr  Erth           ########..   0%          5    None
E - Bolt of Magma         Conj/Fire/Erth ########..   1%          5    None
F - Irradiate             Conj/Tmut      #######...   1%          5    None
G - Lehudib's Crystal Sp  Conj/Erth      ########..   1%          8    #####..
H - Iron Shot             Conj/Erth      ########..   1%          6    None
J - Stone Arrow           Conj/Erth      ######       0%          3    None
K - Sandblast             Erth           ######       0%          1    None
L - Iskenderun's Mystic   Conj/Tloc      #######.     1%          4    None
N - Petrify               Tmut/Erth      ########     1%          4    None

Your spell library contained the following spells:

 Spells                   Type           Power        Failure   Level  Hunger
 Fire Storm               Conj/Fire      #######...   100%        9    ######.
 Magic Dart               Conj           ####         0%          1    None
 Animate Skeleton         Necr           N/A          1%          1    None
 Beastly Appendage        Tmut           ######       1%          1    None
 Corona                   Hex            #####..      1%          1    None
 Freeze                   Ice            ####         1%          1    None
 Infusion                 Chrm           ####         1%          1    None
 Pain                     Necr           ####         1%          1    None
 Sting                    Tmut/Pois      ####         1%          1    None
 Summon Butterflies       Summ           ######..     1%          1    None
 Summon Small Mammal      Summ           ####         1%          1    None
 Call Imp                 Summ           ######..     1%          2    None
 Corpse Rot               Necr/Air       N/A          1%          2    None
 Ensorcelled Hibernation  Hex/Ice        #####.       1%          2    None
 Poisonous Vapours        Pois/Air       #####.       1%          2    None
 Shroud of Golubria       Chrm/Tloc      ######       1%          2    None
 Slow                     Hex            #####...     1%          2    None
 Song of Slaying          Chrm           #####...     1%          2    None
 Sublimation of Blood     Necr           #####.....   1%          2    None
 Swiftness                Chrm/Air       #####...     1%          2    None
 Call Canine Familiar     Summ           ######..     1%          3    None
 Conjure Flame            Conj/Fire      #######.     1%          3    None
 Gell's Gravitas          Tloc           ######....   1%          3    None
 Inner Flame              Hex/Fire       #####...     1%          3    None
 Mephitic Cloud           Conj/Pois/Air  ######..     1%          3    None
 Portal Projectile        Hex/Tloc       ######       1%          3    None
 Recall                   Summ/Tloc      N/A          1%          3    None
 Summon Guardian Golem    Hex/Summ       ######..     1%          3    None
 Fulminant Prism          Conj/Hex       #######...   1%          4    None
 Hailstorm                Conj/Ice       #######.     1%          4    None
 Leda's Liquefaction      Hex/Erth       ########..   1%          4    None
 Sticky Flame             Conj/Fire      #######.     1%          4    None
 Fireball                 Conj/Fire      #######...   1%          5    None
 Iskenderun's Battlesphe  Conj/Chrm      #######.     1%          5    None
 Lightning Bolt           Conj/Air       #######...   1%          5    None
 Statue Form              Tmut/Erth      ########.    1%          6    None
 Orb of Destruction       Conj           ########..   1%          7    ###....
 Summon Forest            Summ/Tloc      ######....   2%          5    None
 Confusing Touch          Hex            #####...     3%          3    None
 Ozocubu's Armour         Chrm/Ice       #####...     3%          3    None
 Spectral Weapon          Hex/Chrm       #####...     3%          3    None
 Vampiric Draining        Necr           #####.....   3%          3    None
 Olgreb's Toxic Radiance  Pois           #####...     3%          4    None
 Summon Ice Beast         Ice/Summ       ######..     3%          4    None
 Spellforged Servitor     Conj/Summ      #######...   3%          7    ###....
 Freezing Cloud           Conj/Ice/Air   ######....   6%          6    None
 Yara's Violent Unravell  Hex/Tmut       #####.....   7%          5    None
 Animate Dead             Necr           N/A          12%         4    None
 Cause Fear               Hex            #####.....   12%         4    None
 Dispel Undead            Necr           #####...     12%         4    None
 Shadow Creatures         Summ           N/A          16%         6    None
 Agony                    Necr           #####...     32%         5    None
 Excruciating Wounds      Chrm/Necr      #####.....   32%         5    None
 Metabolic Englaciation   Hex/Ice        #####.....   32%         5    None
 Silence                  Hex/Air        #####.....   32%         5    None
 Summon Hydra             Summ           ######....   63%         7    ###....
 Hydra Form               Tmut           ######....   77%         6    None
 Eringya's Noxious Bog    Tmut/Pois      #####.....   83%         6    None
 Darkness                 Hex            #####.....   87%         6    None
 Death Channel            Necr           #####.....   87%         6    None
 Invisibility             Hex            #####...     87%         6    None
 Simulacrum               Ice/Necr       #####.....   87%         6    None
 Haunt                    Necr/Summ      ######....   96%         7    ###....
 Ring of Flames           Chrm/Fire      #####.....   100%        7    ###....
 Chain Lightning          Conj/Air       #######...   58%         8    #####..
 Borgnjor's Revivificati  Necr           #####.....   100%        8    #####..
 Death's Door             Chrm/Necr      #####.....   100%        8    #####..
 Ignition                 Fire           #####.....   100%        8    #####..
 Infestation              Necr           #####.....   100%        8    #####..
 Necromutation            Tmut/Necr      #####.....   100%        8    #####..
 Glaciate                 Conj/Ice       #######...   100%        9    ######.
 Passage of Golubria      Tloc           Unusable     N/A         4    N/A

Action                   |  1- 3 |  4- 6 |  7- 9 | 10-12 | 13-15 | 16-18 | 19-21 | 22-24 | 25-27 || total
-------------------------+-------+-------+-------+-------+-------+-------+-------+-------+-------++-------
Melee: Dagger            |   113 |    94 |   187 |    68 |       |       |       |       |       ||   462
       Staff             |       |       |       |     5 |     8 |    10 |    41 |   157 |   356 ||   577
       Headbutt          |       |       |       |       |       |       |       |       |     8 ||     8
Throw: Stone             |     1 |       |       |       |     2 |     6 |     2 |       |       ||    11
       Dart              |    18 |    91 |    60 |    26 |     7 |       |       |       |       ||   202
 Cast: Sandblast         |    21 |    15 |    84 |   117 |   225 |   280 |    22 |       |       ||   764
       Stone Arrow       |     3 |    20 |    84 |   154 |   300 |    56 |     5 |       |       ||   622
       Petrify           |       |       |     2 |     3 |    14 |     9 |     7 |     3 |     8 ||    46
       Lee's Rapid Decon |       |       |     9 |    87 |   190 |   288 |   544 |   534 |   313 ||  1965
       Irradiate         |       |       |       |       |    21 |    28 |    24 |    31 |    33 ||   137
       Bolt of Magma     |       |       |       |       |     6 |   165 |    64 |   141 |    71 ||   447
       Iron Shot         |       |       |       |       |     6 |    11 |    15 |    42 |   173 ||   247
       Iskenderun's Myst |       |       |       |       |       |     2 |       |       |       ||     2
       Shatter           |       |       |       |       |       |       |     8 |    26 |    66 ||   100
       Borgnjor's Vile C |       |       |       |       |       |       |       |     3 |       ||     3
       Lehudib's Crystal |       |       |       |       |       |       |       |       |   104 ||   104
       Apportation       |       |       |       |       |       |       |       |       |     3 ||     3
       Summon Lightning  |       |       |       |       |       |       |       |       |     1 ||     1
Evoke: Wand              |       |       |     4 |     8 |     8 |    26 |    10 |     3 |    28 ||    87
       Lightning rod     |       |       |       |       |       |       |       |       |     8 ||     8
       Lamp of fire      |       |       |       |       |       |       |       |       |     1 ||     1
       Phial of floods   |       |       |       |       |       |       |       |       |     1 ||     1
  Use: Scroll            |       |     7 |     7 |     6 |    10 |    10 |     5 |    12 |    21 ||    78
       Potion            |       |       |       |     1 |     1 |     3 |     1 |     5 |    17 ||    28
 Stab: Sleeping          |     2 |     1 |       |     2 |       |       |       |       |       ||     5
       Petrified         |       |       |    11 |    10 |       |       |       |       |       ||    21
       Petrifying        |       |       |       |     1 |       |       |       |       |       ||     1
       Distracted        |       |       |       |       |       |       |       |       |     1 ||     1
  Eat: Chunk             |     4 |     9 |    12 |    25 |    50 |     8 |    21 |    22 |    26 ||   177
       Ration            |       |     1 |     2 |     7 |    10 |    19 |     8 |    14 |    29 ||    90
Armor: Robe              |    54 |    23 |    30 |    18 |    14 |    22 |    20 |    29 |    44 ||   254
       Acid dragon scale |       |       |       |       |       |       |       |       |     3 ||     3
Dodge: Dodged            |    63 |    50 |   100 |    40 |    34 |    58 |    24 |    61 |   129 ||   559
Block: Other             |       |     2 |    34 |    33 |       |       |       |       |       ||    69
       Reflection        |       |       |     2 |     7 |    25 |    56 |    63 |    40 |    22 ||   215
       Large shield      |       |       |       |    52 |   230 |   374 |   182 |   353 |   463 ||  1654

Skill      XL: |  1  2  3  4  5  6  7  8  9 10 11 12 13 14 15 16 17 18 19 20 21 22 23 24 25 26 27 |
---------------+----------------------------------------------------------------------------------+-----
Fighting       | 1 2 3 5 6 7 9 12 15 17 24 | 24.0
Earth Magic    | 3 4 5 6 7 9 10 12 13 15 16 18 19 20 21 22 24 | 24.0
Spellcasting   | 3 4 5 6 8 9 10 11 12 15 18 19 20 21 24 | 24.0
Conjurations   | 1 2 6 8 9 10 13 15 | 15.5
Shields        | 3 4 7 10 12 14 15 | 15.0
Staves         | 5 8 11 12 | 12.0
Evocations     | 4 8 10 12 | 12.0
Dodging        | 15 | 15.0
Summonings     | 6 |  6.0
Translocations | 6 |  6.0
Stealth        | |  1.4
Transmutations | |  0.8

Inventory:

Missiles
 m - 19 curare-tipped darts (quivered)
 s - 5 throwing nets {!f}
 t - 27 stones
Armour
 r - the +2 faerie dragon scales {-Tele rC+++ rCorr Dex+2}
   (You took it off the Enchantress on level 4 of the Depths)

   It affects your dexterity (+2).
   It renders you almost immune to cold.
   It prevents most forms of teleportation.
   It provides partial protection from all sources of acid and corrosion.
   If you switch to wearing this armour, your AC will rise 4 points (14 -> 18)
 w - a +8 large shield (worn)
 N - a +2 robe of the Archmagi (worn)
 P - a +2 hat (worn)
 T - the +2 cloak of Spring (worn) {rElec rF++ Str-5 Slay+3}
   (You bought it in a shop on level 2 of the Elven Halls)

   It affects your strength (-5).
   It affects your accuracy and damage with ranged weapons and melee attacks
   (+3).
   It greatly protects you from fire.
   It insulates you from electricity.
   If you remove this armour, your AC will fall 3 points (14 -> 11)
Magical Staves
 a - an uncursed staff of earth (weapon)
 b - an uncursed staff of conjuration {!a}
Jewellery
 c - an uncursed ring of resist corrosion
 x - the ring "Seidelime" (left hand) {+Fly rN++ MP+9}
   (You found it on level 5 of the Vaults)

   [ring of flight]

   It greatly protects you from negative energy.
   It affects your magic capacity (+9).
   It lets you fly.
 A - the brooch of Shielding (around neck) {Reflect SH+8}
   (You found it on level 7 of the Dungeon)

   [amulet of reflection]

   It shields you and reflects attacks.
   It affects your SH (+8).
 I - the ring of Zienues (right hand) {MR+ EV+5 Dex+3}
   (You acquired it on level 3 of the Crypt)

   [ring of evasion]

   It affects your evasion (+5).
   It affects your dexterity (+3).
   It affects your resistance to hostile enchantments.
 S - the ring of a Million Yaks {rC+ rN+ MR+}
   (You found it in the Desolation of Salt)

   [ring of protection from cold]

   It protects you from cold.
   It protects you from negative energy.
   It affects your resistance to hostile enchantments.
Wands
 g - a wand of clouds (2)
 q - a wand of paralysis (18)
 v - a wand of digging (6)
 E - a wand of scattershot (11)
 F - a wand of disintegration (7)
 H - a wand of acid (9)
 J - a wand of iceblast (27)
 X - a wand of enslavement (36)
Scrolls
 h - 30 scrolls of remove curse {@r4}
 o - 5 scrolls of fear
 y - 13 scrolls of teleportation {@r1}
 B - 7 scrolls of fog
 D - 4 scrolls of silence
 K - 2 scrolls of summoning
 L - 2 scrolls of holy word
 M - 5 scrolls of blinking {@r2}
 Q - 8 scrolls of magic mapping
 Y - 3 scrolls of enchant armour
 Z - 17 scrolls of identify {@r3}
Potions
 e - 12 potions of heal wounds {@q1}
 i - 3 potions of invisibility
 j - 10 potions of flight
 l - 12 potions of resistance
 n - 13 potions of curing {@q2}
 p - 10 potions of might
 u - 15 potions of haste {@q4}
 z - 4 potions of brilliance
 R - 2 potions of cancellation
 U - 6 potions of ambrosia
 V - a potion of berserk rage
 W - 8 potions of agility
Miscellaneous
 f - 6 boxes of beasts
 k - a phial of floods
 C - a lamp of fire
 O - a lightning rod (4/4)
Comestibles
 d - 28 rations

#...###.......###.........##
#..)........................
#...#.............##.#.###.#
#...#.#####'#####.##.#.###.#
#...#.#PPP#.#PPP#.##.#...#.#
###...#.#P⌠P#.#P⌠P#.##.#.....#
#.......#PPP#.#PPP#.##.#.#....
#....#..#####.#####.##..).....
#....#..+....@....+..#.#.#.#..
#....##.#####.#####......#.#..
#....##.#PPP#.#PPP#..#.#...'..
#....##.#P⌠P#.#P⌠P#....#...#..
#....##.#PPP#.#PPP#..#.#.####.
#....##.#####'#####..#.#.#####
#....##...................(...
#############.#...........####
#...####.###..####


There were no monsters in sight!

Vanquished Creatures
  9 ancient liches
  13 orbs of fire
  Mennas (Vaults:5)
  the Lernaean hydra (Swamp:4)
  Vashnia (Snake:3)
  Saint Roka (Depths:5)
  8 Killer Klowns
  A curse toe (Zot:3)
  Xtahua (Depths:5)
  Nikola (Snake:3)
  the Enchantress (Depths:4)
  3 bone dragons
  6 golden dragons
  7 liches
  2 Tzitzimimeh (Depths:4)
  A Brimstone Fiend (Depths:5)
  3 electric golems
  Jorgrun (D:14)
  An Ice Fiend (IceCv)
  17 tentacled monstrosities
  26 Orb Guardians
  A deep elf master archer (Elf:3)
  5 titans
  6 quicksilver dragons
  Asterion (Vaults:2)
  2 deep elf blademasters (Elf:3)
  The ghost of Juteq the Nimble, an adept GnGl of Makhleb (Vaults:2)
  An Executioner (D:13)
  13 death cobs
  2 thorn hunters
  6 sphinxes
  2 ancient champions
  Roxanne (Snake:3)
  5 shadow dragons
  Kirke (Snake:4)
  15 storm dragons
  2 revenants
  11 nagarajas
  6 tengu reavers
  2 draconian monks
  8 frost giants
  4 deep elf sorcerers
  17 vault wardens
  6 fire giants
  A ghost moth (shapeshifter) (Depths:3)
  3 imperial myrmidons (Desolation)
  A cacodemon (Zot:5)
  3 ghost moths
  Aizul (Snake:2)
  3 iron dragons
  An orc warlord (Orc:1)
  6 draconian shifters
  7 draconian scorchers
  A balrug (Depths:5)
  A curse skull (Crypt:3)
  A warmonger (D:4)
  3 draconian stormcallers
  16 ironheart preservers
  5 reapers
  3 spriggan defenders (Depths:4)
  7 ghouls
  12 very ugly things
  2 deep elf elementalists
  4 draconian annihilators
  5 war gargoyles
  14 stone giants
  12 deep elf demonologists
  7 vampire knights
  A corrupter (D:4)
  2 entropy weavers (Vaults:4)
  8 green draconians
  5 black draconians
  Azrael (Snake:1)
  5 deep elf annihilators
  6 red draconians
  5 white draconians
  10 spark wasps
  A dire elephant (Lair:6)
  7 yellow draconians
  A merfolk javelineer (Depths:2)
  18 deep elf death magi
  A halazid warlock (Desolation)
  10 purple draconians
  2 eidola (Crypt:2)
  11 ettins
  An ettin (shapeshifter) (Vaults:3)
  8 jiangshi
  Josephine (Lair:6)
  A merfolk impaler (Depths:2)
  A quicksilver dragon zombie (Depths:4)
  17 yaktaur captains
  A green death (D:13)
  3 crystal guardians (Desolation)
  9 great orbs of eyes
  5 deep elf high priests
  9 fire dragons
  10 ice dragons
  15 naga warriors
  14 ragged hierophants (Desolation)
  Fannar (Lair:1)
  5 spriggan air magi
  26 vault guards
  7 rakshasas
  7 servants of whispers (Desolation)
  Harold (D:7)
  8 peacekeepers
  A hell beast (D:12)
  31 hydras
  2 centaur warriors
  2 quicksilver dragon skeletons (Depths:4)
  16 anacondas
  32 two-headed ogres
  13 alligators
  2 ghost crabs
  11 ogre magi
  29 dancing weapons
  13 deep troll earth magi
  3 deep troll shamans
  3 tengu warriors
  3 death knights
  Urug (Lair:1)
  2 hell hogs (Depths:5)
  A shock serpent (shapeshifter) (Vaults:5)
  18 deep elf knights
  11 orc high priests (Orc:2)
  3 spriggan berserkers (Depths:3)
  12 naga sharpshooters
  7 shock serpents
  6 vampire magi
  A titan zombie (Depths:4)
  2 titan skeletons
  3 soul eaters (Depths:4)
  3 shadow wraiths
  4 sun demons
  15 hell knights
  34 skeletal warriors
  An iron troll (Depths:3)
  2 storm dragon zombies
  An entropy weaver zombie (Crypt:2)
  7 salamander mystics
  2 glowing orange brains
  2 infernal demonspawn (D:4)
  A quicksilver dragon simulacrum (Crypt:1)
  A small abomination (Elf:2)
  3 spriggan druids
  7 naga ritualists
  2 storm dragon skeletons
  25 deep trolls
  An anaconda zombie (Crypt:2)
  A sea snake (shapeshifter) (Vaults:4)
  A glowing orange brain (shapeshifter) (Vaults:5)
  3 golden dragon skeletons
  15 deep elf archers
  3 golden dragon zombies
  2 unseen horrors
  5 flayed ghosts
  12 swamp dragons
  13 phantasmal warriors
  A sixfirhy (Depths:2)
  6 wizards
  2 tengu zombies (Depths:4)
  An obsidian statue (Vaults:1)
  A lindwurm (shapeshifter) (Vaults:3)
  22 ironbrand convokers
  55 deep elf magi
  A stone giant zombie (Crypt:3)
  2 shadow dragon zombies
  11 necromancers
  A wolf spider zombie (D:14)
  3 harpies (Vaults:1)
  A frost giant zombie (Depths:4)
  12 mana vipers
  33 ugly things
  An anaconda skeleton (Crypt:3)
  An iron dragon zombie (Crypt:1)
  9 orc knights
  3 tengu skeletons
  7 orc sorcerers
  25 moths of wrath
  2 fire giant zombies
  5 wolf spiders
  A sphinx skeleton (Depths:4)
  10 salamanders
  2 shadow dragon skeletons (Depths:4)
  2 cyclopes
  3 large abominations (D:13)
  2 iron dragon skeletons
  2 stone giant skeletons
  18 vault sentinels
  20 naga magi
  A fire giant skeleton (Crypt:3)
  42 black mambas
  A water nymph (shapeshifter) (Depths:3)
  A spriggan zombie (Depths:4)
  5 elephants (Lair:6)
  A guardian serpent (shapeshifter) (Vaults:2)
  16 guardian serpents
  A shock serpent zombie (Crypt:1)
  2 molten gargoyles (Desolation)
  3 rust devils
  10 spiny frogs
  An ice statue (IceCv)
  6 orange demons
  A frost giant skeleton (Depths:4)
  6 smoke demons
  Joseph (Lair:1)
  4 gargoyles (Crypt:3)
  2 eyes of devastation (Depths:4)
  4 rime drakes
  4 centaur skeletons
  A black draconian zombie (Crypt:2)
  6 ice devils
  A yaktaur (shapeshifter) (Vaults:2)
  34 yaktaurs
  A yaktaur zombie (Vaults:3)
  8 komodo dragons
  4 anaconda simulacra (IceCv)
  15 freezing wraiths
  A kobold demonologist (D:13)
  2 spark wasp simulacra (Depths:4)
  3 tengu conjurers
  2 guardian mummies (Crypt:3)
  An efreet (D:15)
  3 golden dragon simulacra
  A queen bee (shapeshifter) (Depths:2)
  A jumping spider (shapeshifter) (Vaults:1)
  4 red devils (Crypt:3)
  A polar bear (Lair:4)
  A harpy zombie (Crypt:1)
  2 meliai (shapeshifter)
  A queen ant zombie (Crypt:2)
  4 tengu simulacra
  A wind drake (shapeshifter) (D:14)
  11 hornets
  3 trolls
  A raiju (shapeshifter) (Vaults:4)
  3 sphinx simulacra
  6 tyrant leeches
  10 bog bodies
  3 blink frogs (Swamp:3)
  75 saltlings
  Prince Ribbit (D:6)
  42 slime creatures
  An iron dragon simulacrum (Crypt:1)
  12 hippogriffs
  An ice dragon zombie (Crypt:1)
  A fire giant simulacrum (Crypt:1)
  A dream sheep (Lair:6)
  A black mamba zombie (Crypt:1)
  4 redbacks (Vaults:4)
  10 flying skulls (Crypt:1)
  5 shadows
  2 fire dragon skeletons
  A ynoxinul (Zot:4)
  An ushabti (Crypt:3)
  5 spriggans
  A tarantella (Vaults:4)
  A wyvern (shapeshifter) (Vaults:1)
  2 wyverns
  53 yaks
  13 wraiths
  Eustachio (D:6)
  2 dire elephant simulacra (IceCv)
  2 air elementals (Elf:1)
  A hog (shapeshifter) (Vaults:2)
  A yak (shapeshifter) (Vaults:4)
  4 fire elementals
  15 water elementals
  4 hogs (Snake:4)
  2 basilisks
  A human (D:11)
  A neqoxec (Depths:2)
  A steam dragon (Lair:3)
  8 vampire mosquitoes
  A chaos spawn (Depths:2)
  2 death yak simulacra (IceCv)
  8 insubstantial wisps (Swamp:3)
  A human simulacrum (Vaults:3)
  An iron troll simulacrum (IceCv)
  55 nagas
  16 swamp worms
  3 hungry ghosts
  A yaktaur simulacrum (Vaults:4)
  A deep troll zombie (Vaults:3)
  10 wargs
  3 harpy simulacra (IceCv)
  4 acid dragons
  A soldier ant (D:14)
  3 hydra simulacra (IceCv)
  19 water moccasins
  A floating eye (Depths:4)
  16 hell hounds
  A gelid demonspawn skeleton (Crypt:1)
  29 orc warriors
  10 porcupines
  3 phantoms
  13 swamp drakes
  3 sky beasts
  A black bear (D:6)
  3 ice beasts
  4 necrophages
  20 wolves
  An elf simulacrum (Depths:4)
  36 ogres
  26 boggarts
  9 centaurs
  A manticore skeleton (Crypt:3)
  A swamp dragon skeleton (Crypt:1)
  12 crocodiles
  7 big kobolds
  5 elf zombies
  21 bullfrogs
  3 human zombies
  A yaktaur skeleton (Crypt:2)
  2 elf skeletons
  A spiny frog simulacrum (Crypt:1)
  A wyvern zombie (D:15)
  A glowing shapeshifter simulacrum (Depths:4)
  5 earth elementals
  4 wyvern skeletons
  3 scorpions
  18 killer bees
  4 wights (Crypt:1)
  A spriggan skeleton (Crypt:1)
  A raiju skeleton (Crypt:1)
  4 howler monkeys
  A yak skeleton (Crypt:2)
  3 electric eels (Lair:3)
  7 crimson imps
  6 centaur zombies
  16 hounds
  5 quasits
  2 bullfrog zombies
  4 draconian simulacra (IceCv)
  6 jellies
  44 orc priests
  24 orc wizards
  A gnoll shaman (D:6)
  2 bullfrog skeletons
  A human skeleton (Crypt:3)
  9 iguanas
  Ijyb (D:4)
  Terence (D:3)
  6 hell rats (Lair:3)
  13 worker ants
  2 polar bear simulacra (IceCv)
  3 troll simulacra (IceCv)
  2 spriggan simulacra (IceCv)
  A wolf simulacrum (IceCv)
  A naga zombie (Crypt:2)
  A centaur simulacrum (IceCv)
  A hound skeleton (D:7)
  14 mummies
  6 gnolls
  An ogre simulacrum (IceCv)
  8 adders
  5 naga simulacra (IceCv)
  3 shadow imps
  6 white imps
  8 ufetubi
  2 oozes (D:2)
  3 adder zombies
  4 worms
  2 dart slugs (D:2)
  5 leopard geckos
  126 orcs
  3 giant cockroaches
  6 goblins
  7 hobgoblins
  13 jackals
  8 quokkas
  3 ball pythons
  8 bats
  4 frilled lizards
  A goblin skeleton (Crypt:2)
  2 goblin zombies
  13 hobgoblin zombies
  2 jackal skeletons (D:6)
  24 kobolds
  13 kobold zombies
  A leopard gecko skeleton (D:4)
  An orc simulacrum (Crypt:1)
  7 orc zombies (Ossuary)
  8 rats
  2 rat zombies (Ossuary)
  2 crawling corpses (Depths:4)
  2 fungi
  A plant (D:10)
2656 creatures vanquished.

Vanquished Creatures (collateral kills)
  A golden dragon (Zot:4)
  A shadow dragon (Zot:4)
  A moth of wrath (Zot:5)
3 creatures vanquished.

Vanquished Creatures (others)
  A deep elf master archer (Elf:3)
  A death cob (Zot:4)
  A stone giant (Depths:3)
  2 yaktaur captains
  3 centaur warriors
  A tengu warrior (D:13)
  2 naga sharpshooters
  Sonja (Lair:2)
  A deep elf archer (Elf:2)
  A swamp dragon (Swamp:4)
  A vault sentinel (Vaults:1)
  A centaur skeleton (D:15)
  6 yaktaurs
  A merfolk (D:11)
  An orc warrior (Orc:1)
  A centaur (D:7)
  2 ufetubi (IceCv)
  A kobold (D:11)
  A quokka (D:11)
  22 fungi
  2 plants
  22 withered plants (Crypt:3)
75 creatures vanquished.

Grand Total: 2734 creatures vanquished

Levels and vault maps discovered:
D:1:      beargit_arrival_greenhouse, layout_basic, interstate_on_off,
          hangedman_decor_points
D:2:      layout_loops_ring, chequers_ecumenical_altar_twisty
D:3:      layout_basic, lemuel_blue_sif_altar, first_ration,
          hangedman_abyss_or_decor_lesser_grid, uniq_terence
D:4:      layout_loops_corners, uniq_ijyb
D:5:      layout_basic, slow_altar_2, temple_pool_b
D:6:      layout_rooms, columned_hall_lemuel, uniq_eustachio,
          uniq_prince_ribbit1
D:7:      layout_basic, nicolae_ossuary_entry_giza, uniq_harold
D:8:      layout_basic, nicolae_overflow_crystal_walls,
          chequers_temple_overflow_minitemple, serial_shops, shop,
          kennysheep_little_box, shop, shop, kennysheep_mini,
          minmay_mini_ossuary
D:9:      layout_loops_ring
D:10:     layout_cave_pools, grunt_lair_entry_orc_guard_hut, serial_shops, shop,
          hangedman_abyss_or_decor_stagger, nrook_mini_backslash
D:11:     layout_loops_cross, erik_orc_4, hangedman_stone_soup
D:12:     layout_loops_ring, basic_altar, nicolae_ru_awakened_eye
D:13:     layout_loops_ring, david_vaults_5
D:14:     layout_loops_ring, infiniplex_staircase_9_rooms, uniq_jorgrun
D:15:     grunt_enter_depths_magical_seal, layout_basic,
          chequers_serial_rivers_micro_c, minmay_tree_intersection
Temple:   nicolae_temple_x_marks_the_god
Lair:1:   layout_cave_pods, minmay_holes, grunt_megastairs_5, uniq_fannar,
          uniq_urug, uniq_joseph
Lair:2:   layout_misc_corridors, guppyfry_snake_entry_island, uniq_sonja
Lair:3:   layout_long_grid, nicolae_swamp_entry_splash_gauntlet,
          grunt_megastairs_2, serial_bayou_shore_a
Lair:4:   layout_big_grid, minivault_19
Lair:5:   layout_loops_ring, minmay_slime_entry_pillars
Lair:6:   evil_forest, layout_cave_pods, uniq_josephine
Swamp:1:  layout_basic_swamp, evilmike_swamp_ruin_house_1
Swamp:2:  layout_basic_swamp, portal_ice_cave_entry_frozen_things,
          evilmike_swamp_ruin_house_2, st_swamp_ruins_3,
          infiniplex_staircase_pool_2
Swamp:3:  layout_basic_swamp, evilmike_swamp_ruin_house_4
Swamp:4:  swamp_old_school, layout_basic_swamp
Snake:1:  layout_chambers, uniq_azrael
Snake:2:  minmay_snake_river, layout_rooms, serial_shops, shop, uniq_aizul
Snake:3:  nicolae_aizul_guard, layout_gridlike, basic_altar,
          nicolae_snake_single_loop, uniq_roxanne, uniq_nikola, uniq_vashnia
Snake:4:  johnstein_snake_rune_scales, layout_cave_town, basic_altar,
          serial_shops, bzr_in_the_mist, drop_trap, minmay_shoptagon, uniq_kirke
Orc:1:    layout_caves, serial_shops, nicolae_shop_competitors_out_of_business,
          basic_altar, minmay_orc_barracks
Orc:2:    st_orc_town, layout_diamond_mine, basic_altar
Elf:1:    layout_onion_city, minmay_elf_demonology
Elf:2:    layout_loops_ring, serial_shops, shop
Elf:3:    elf_hall_gauntlet_wide, layout_geoelf_grid
Vaults:1: v_misc_15, nicolae_vaults_circle_grid_b, grunt_vaults_bifocal,
          v_misc_16, vaults_room_grunt_arrival_ludios,
          ontoclasm_vaults_ring_large, vaults_dpeg_diagonal,
          ontoclasm_vaults_hangar, nicolae_vaults_network_s,
          nicolae_vaults_statue_guard, hangedman_vaults_maws, vaults_room_pool,
          nicolae_vaults_alarming, vaults_room_corners,
          grunt_vaults_hallway_short, layout_vaults_ring, serial_shops, shop
Vaults:2: gammafunk_vaults_ghost_split, ontoclasm_vaults_pinch,
          nicolae_vaults_diagonal_hallway_6, hangedman_vaults_maws, v_misc_18,
          vaults_standard_mumra_x, vaults_room_stairs_pillars,
          vaults_dpeg_encased_lava, layout_vaults_omnigrid, serial_shops, shop,
          nicolae_shop_window_shopping, uniq_asterion
Vaults:3: v_misc_23, ontoclasm_vaults_idyll, minmay_crypt_entry_nasty_monster,
          ontoclasm_vaults_fire_temple, vaults_room_fancy_cross,
          nicolae_vaults_triangles, nicolae_vaults_shelves_hall,
          vaults_room_pools, v_misc_5, vaults_room_door_hall, v_misc_28,
          v_misc_16, nicolae_vaults_circle_grid_a, hangedman_vaults_slice,
          layout_vaults_omnibox, serial_shops, shop
Vaults:4: ontoclasm_vaults_twist, ontoclasm_vaults_ring_small,
          hangedman_vaults_stitches, grunt_vaults_swirl,
          ontoclasm_vaults_ligature, grunt_vaults_twisty, grunt_vaults_focal,
          v_pattern_5, hangedman_vaults_maws, layout_vaults_chaotic_city,
          portal_desolation_entry_nicolae_nacl
Vaults:5: serial_shops, uniq_mennas
Crypt:1:  layout_rooms
Crypt:2:  layout_misc_corridors
Crypt:3:  quadcrypt_mu
Depths:1: layout_roguey, hell_entry, serial_sigils_hangedman_snap,
          nicolae_two_hexagons, roderic_serpentine_path,
          kennysheep_generic_room_11
Depths:2: kennysheep_four_of_diamonds, layout_gridlike,
          minmay_staircase_windowed_small, hell_entry, grunt_pan_entry_spiral,
          minmay_misc_feat_hallway
Depths:3: evilmike_inaccessible_box, layout_long_grid, pan_entry,
          kennysheep_minor_cross, hell_entry, hex_tiny, st_stairs_5,
          minmay_misc_feat_x
Depths:4: evilmike_negative_zone, layout_cave_pools, enter_ziggurat_c,
          hell_entry, abyss_entry_flame_altar, firewood_loft,
          infiniplex_staircase_pillars_3b, uniq_enchantress
Depths:5: evilmike_zot_entry_diamond, layout_cave_pools, nrook_mini_vaults,
          pan_entry, grunt_hell_horde, nrook_campfire, uniq_saint_roka,
          uniq_xtahua
Zot:1:    layout_twisted_circle, hangedman_zot_wheel_spokes
Zot:2:    layout_misc_corridors, grunt_megastairs_1
Zot:3:    ebering_klown_carousel, layout_onion_interference
Zot:4:    layout_onion_interference, st_stairs_8
Zot:5:    layout_basic


Message History

You feel your power returning.
A rust devil comes into view.
There is an open door here.
Casting: Iron Shot (safe; 1% risk of failure)
Confirm with . or Enter, or press ? or * to list all spells.
Aiming: Iron Shot (safe; 1% risk of failure)
Press: ? - help, Shift-Dir - straight line, f - rust devil
Aim: a rust devil You feel a strong surge of power!
The iron shot hits the rust devil!!!
The rust devil is almost dead.
Casting: Iron Shot (safe; 1% risk of failure)
Confirm with . or Enter, or press ? or * to list all spells.
Aiming: Iron Shot (safe; 1% risk of failure)
Press: ? - help, Shift-Dir - straight line, f/p - rust devil
Aim: a rust devil (almost dead)
You feel a strong surge of power!
The iron shot hits the rust devil!!!
You kill the rust devil!
Vehumet accepts your kill.
There is a staircase leading out of the dungeon here.
You have escaped!

Notes
Turn   | Place    | Note
-------+----------+-------------------------------------------
     0 | D:1      | bmfx the Ogre Earth Elementalist began the quest for the
                  | Orb.
     0 | D:1      | Reached XP level 1. HP: 16/16 MP: 3/3
   284 | D:1      | Reached XP level 2. HP: 26/26 MP: 1/5
   303 | D:1      | Reached skill level 1 in Fighting
   540 | D:1      | You fall into a shaft and drop 1 floor!
   901 | D:1      | Learned a level 2 spell: Passwall
  1082 | D:2      | Reached XP level 3. HP: 25/33 MP: 0/7
  1087 | D:2      | Learned a level 3 spell: Stone Arrow
  1241 | D:2      | Found a faded altar of an unknown god.
  1768 | D:2      | Reached XP level 4. HP: 40/42 MP: 8/8
  2913 | D:3      | Found a shimmering blue altar of Sif Muna.
  3034 | D:3      | Reached skill level 1 in Conjurations
  3034 | D:3      | Reached XP level 5. HP: 31/50 MP: 0/10
  3452 | D:3      | Noticed Terence
  3465 | D:3      | Killed Terence
  3953 | D:3      | Learned a level 4 spell: Petrify
  4026 | D:4      | Reached XP level 6. HP: 50/61 MP: 11/11
  4568 | D:4      | Noticed Ijyb
  4578 | D:4      | Killed Ijyb
  4981 | D:5      | Entered Level 5 of the Dungeon
  5147 | D:5      | Found a staircase to the Ecumenical Temple.
  5186 | Temple   | Entered the Ecumenical Temple
  5200 | Temple   | Became a worshipper of Vehumet
  5307 | D:5      | Reached skill level 5 in Earth Magic
  5307 | D:5      | Reached XP level 7. HP: 60/68 MP: 6/13
  5637 | D:5      | Found a snail-covered altar of Cheibriados.
  6214 | D:6      | Reached skill level 5 in Spellcasting
  6230 | D:5      | Reached * piety under Vehumet
  6230 | D:5      | Offered knowledge of Freeze by Vehumet.
  6341 | D:5      | Reached skill level 5 in Fighting
  6496 | D:5      | Reached XP level 8. HP: 73/80 MP: 11/15
  6762 | D:6      | Learned a level 5 spell: Lee's Rapid Deconstruction
  7628 | D:6      | Noticed Prince Ribbit
  7639 | D:6      | Noticed Eustachio
  7654 | D:6      | Killed Eustachio
  7654 | D:6      | Reached XP level 9. HP: 92/92 MP: 15/18
  7898 | D:7      | Offered knowledge of Magic Dart by Vehumet.
  7899 | D:7      | Reached ** piety under Vehumet
  8071 | D:7      | Found a sand-covered staircase.
  8077 | Ossuary  | Entered an ossuary
  8402 | Ossuary  | Offered knowledge of Inner Flame by Vehumet.
  8687 | Ossuary  | Reached *** piety under Vehumet
  8827 | Ossuary  | Reached skill level 1 in Shields
  9153 | D:7      | Found the brooch of Shielding {Reflect SH+8}
  9337 | D:7      | Offered knowledge of Mephitic Cloud by Vehumet.
 10027 | D:7      | Noticed Harold
 10040 | D:7      | Killed Harold
 10040 | D:7      | Reached XP level 10. HP: 54/104 MP: 2/22
 10708 | D:8      | Found a shimmering altar of Xom.
 10863 | D:8      | Found Sineir's General Store.
 10886 | D:8      | Found Licecoih's Assorted Antiques.
 10889 | D:8      | Bought a scroll labeled FYECZE WEIL for 27 gold pieces
 10916 | D:8      | Found Gudisara's Armour Shop.
 10995 | D:8      | Found Boupsimn's Antique Weapon Shop.
 11301 | D:8      | Found Rijy's Jewellery Boutique.
 11366 | D:8      | Found a faded altar of an unknown god.
 11366 | D:8      | Found a stormy altar of Qazlal.
 11371 | D:8      | Found an ancient bone altar of Kikubaaqudgha.
 11373 | D:8      | Found a faded altar of an unknown god.
 11374 | D:8      | Found a sparkling altar of Nemelex Xobeh.
 11892 | D:9      | Reached skill level 10 in Earth Magic
 12326 | D:9      | Reached **** piety under Vehumet
 12543 | D:9      | Offered knowledge of Ignite Poison by Vehumet.
 12866 | D:9      | Identified the Guide on Noxious Conjuration
 12897 | D:9      | Learned a level 5 spell: Bolt of Magma
 12914 | D:10     | Entered Level 10 of the Dungeon
 13454 | D:10     | Found Nakar's Magic Scroll Emporium.
 13472 | D:10     | Bought a scroll of blinking for 97 gold pieces
 13517 | D:8      | Bought an uncursed staff of earth for 350 gold pieces
 13583 | D:10     | Reached XP level 11. HP: 110/110 MP: 5/24
 13894 | D:10     | Found a staircase to the Lair.
 13991 | D:11     | Reached skill level 5 in Shields
 14777 | D:11     | Reached ***** piety under Vehumet
 14882 | D:11     | Identified the +1 ring mail of Dim Light {rC- Int+6}
 14916 | D:11     | Offered knowledge of Airstrike by Vehumet.
 14932 | D:11     | Found a staircase to the Orcish Mines.
 15394 | D:11     | Noticed a cyclops
 15397 | D:11     | Killed a cyclops
 15630 | D:12     | Reached skill level 10 in Spellcasting
 15738 | D:12     | Noticed a two-headed ogre
 15744 | D:12     | Killed a two-headed ogre
 16413 | D:12     | Found a sacrificial altar of Ru.
 16634 | D:12     | Found a burning altar of Makhleb.
 16723 | D:12     | Noticed a skeletal warrior
 16727 | D:12     | Noticed a skeletal warrior
 16728 | D:12     | Noticed a skeletal warrior
 16741 | D:12     | Killed a skeletal warrior
 16741 | D:12     | Reached XP level 12. HP: 111/119 MP: 6/26
 17056 | Lair:1   | Entered Level 1 of the Lair of Beasts
 17519 | Lair:1   | Noticed Joseph
 17523 | Lair:1   | Noticed Urug
 17526 | Lair:1   | Killed Joseph
 17531 | Lair:1   | Killed Urug
 18079 | Lair:1   | Noticed Fannar
 18099 | Lair:1   | Killed Fannar
 18943 | Lair:2   | Reached skill level 5 in Conjurations
 18949 | Lair:2   | Reached skill level 10 in Shields
 19218 | Lair:2   | Noticed a six-headed hydra
 19221 | Lair:2   | Killed a six-headed hydra
 19221 | Lair:2   | Noticed Sonja
 19233 | Lair:2   | Killed Sonja
 19390 | Lair:2   | Reached XP level 13. HP: 127/127 MP: 19/27
 19514 | Lair:2   | Found a staircase to the Snake Pit.
 20898 | Lair:3   | Offered knowledge of Iskenderun's Mystic Blast by Vehumet.
 20905 | Lair:3   | Learned a level 5 spell: Irradiate
 21465 | Lair:3   | Found a staircase to the Swamp.
 23473 | Lair:5   | Found a staircase to the Slime Pits.
 23639 | Lair:5   | You fall into a shaft and drop 1 floor!
 23639 | Lair:6   | Entered Level 6 of the Lair of Beasts
 24416 | Lair:6   | Reached XP level 14. HP: 141/141 MP: 27/29
 24433 | Lair:6   | Reached skill level 10 in Fighting
 24776 | Lair:6   | Learned a level 4 spell: Iskenderun's Mystic Blast
 25018 | Lair:6   | Noticed a dire elephant
 25053 | Lair:6   | Killed a dire elephant
 25053 | Lair:6   | Reached skill level 1 in Staves
 25173 | Lair:6   | Reached skill level 1 in Evocations
 25510 | Lair:6   | Noticed Josephine
 25530 | Lair:6   | Killed Josephine
 25533 | Lair:6   | Offered knowledge of Iskenderun's Battlesphere by Vehumet.
 26286 | Lair:6   | Found a burning altar of Makhleb.
 26292 | Lair:6   | Found a gateway to Hell.
 27092 | D:6      | Killed Prince Ribbit
 28418 | D:13     | Found a gate to the Vaults.
 28650 | D:14     | Noticed Jorgrun
 28668 | D:14     | Killed Jorgrun
 28668 | D:14     | Reached skill level 5 in Staves
 29519 | D:14     | Reached XP level 15. HP: 156/156 MP: 30/31
 29794 | D:15     | Entered Level 15 of the Dungeon
 29897 | D:15     | Reached skill level 5 in Evocations
 30911 | D:15     | Offered knowledge of Iron Shot by Vehumet.
 31011 | D:15     | Learned a level 6 spell: Iron Shot
 31228 | D:15     | Found a staircase to the Depths.
 32012 | Orc:1    | Entered Level 1 of the Orcish Mines
 32053 | Orc:1    | Found a roughly hewn altar of Beogh.
 32884 | Orc:1    | Offered knowledge of Ozocubu's Refrigeration by Vehumet.
 33240 | Orc:1    | Found Wowk's Gadget Shoppe.
 33248 | Orc:1    | Bought a wand of iceblast (7) for 165 gold pieces
 33328 | Orc:2    | Entered Level 2 of the Orcish Mines
 33335 | Orc:2    | Noticed an orc warlord
 33347 | Orc:1    | Killed an orc warlord
 33445 | Orc:2    | Found a staircase to the Elven Halls.
 33452 | Orc:2    | Found a roughly hewn altar of Beogh.
 33536 | Orc:2    | Found Athet's Food Shoppe.
 33841 | Orc:2    | Found Goopo's Food Boutique.
 33877 | Orc:2    | Found a roughly hewn altar of Beogh.
 34128 | Orc:2    | Reached ****** piety under Vehumet
 34234 | Orc:2    | Found Havoqeoh's General Store.
 34234 | Orc:2    | Found Hoaweuv's Antique Armour Shoppe.
 34243 | Orc:2    | Bought a thick robe for 165 gold pieces
 34253 | Orc:2    | Identified the +2 robe of Ewyik {MR++ Int-2 Dex+2 Slay+5}
                  | (You bought it in a shop on level 2 of the Orcish Mines)
 34264 | Orc:2    | Bought a scroll of teleportation for 42 gold pieces
 34264 | Orc:2    | Bought a scroll of teleportation for 42 gold pieces
 34603 | Swamp:1  | Entered Level 1 of the Swamp
 34990 | Swamp:1  | Offered knowledge of Freezing Cloud by Vehumet.
 35101 | Swamp:1  | Reached XP level 16. HP: 165/165 MP: 11/32
 35832 | Swamp:2  | Found a frozen archway.
 35858 | IceCv    | Entered an ice cave
 37159 | IceCv    | Noticed an Ice Fiend
 37163 | IceCv    | Killed an Ice Fiend
 37713 | Swamp:2  | Noticed a thorn hunter
 37832 | Swamp:2  | Killed a thorn hunter
 37832 | Swamp:2  | Offered knowledge of Conjure Ball Lightning by Vehumet.
 38771 | Swamp:3  | Noticed a thorn hunter
 38775 | Swamp:3  | Killed a thorn hunter
 38805 | Swamp:3  | Reached skill level 15 in Spellcasting
 39753 | Swamp:4  | Entered Level 4 of the Swamp
 40067 | Swamp:4  | Reached XP level 17. HP: 172/172 MP: 36/36
 41001 | Swamp:4  | Offered knowledge of Lehudib's Crystal Spear by Vehumet.
 41001 | Swamp:4  | Offered knowledge of Fire Storm by Vehumet.
 41001 | Swamp:4  | Offered knowledge of Shatter by Vehumet.
 41384 | Swamp:4  | Noticed the 27-headed Lernaean hydra
 41390 | Swamp:4  | Killed the 27-headed Lernaean hydra
 41690 | Swamp:4  | Got a decaying rune of Zot
 42070 | Snake:1  | Entered Level 1 of the Snake Pit
 43207 | Snake:1  | Noticed Azrael
 43214 | Snake:1  | Killed Azrael
 44403 | Snake:2  | Identified the +1 leather armour of the Bulwark {Dex+2}
 44563 | Snake:2  | Reached XP level 18. HP: 182/182 MP: 14/40
 44882 | Snake:2  | Found Rialuh's Gadget Boutique.
 45104 | Snake:2  | Noticed Aizul
 45115 | Snake:2  | Killed Aizul
 45629 | Snake:3  | Noticed Roxanne
 45634 | Snake:3  | Killed Roxanne
 46333 | Snake:3  | Noticed Vashnia
 46342 | Snake:3  | Found a hazy altar of Hepliaklqana.
 47575 | Snake:3  | Noticed Nikola
 47583 | Snake:3  | Killed Nikola
 47726 | Snake:3  | Reached skill level 15 in Earth Magic
 47759 | Snake:3  | Killed Vashnia
 48960 | Snake:4  | Entered Level 4 of the Snake Pit
 48960 | Snake:4  | Found an opulent altar of Gozag.
 49500 | Snake:4  | Found Fiwuf's Armour Shoppe.
 49506 | Snake:4  | Bought a +2 robe of magic resistance for 283 gold pieces
 49516 | Snake:4  | Found Feghogap's Gadget Emporium.
 49860 | Snake:4  | Noticed Kirke
 49864 | Snake:4  | Killed Kirke
 49911 | Snake:4  | Found a gateway to a bazaar.
 49945 | Bazaar   | Entered a bazaar
 49945 | Bazaar   | Found Ucso's Antique Weapon Shop.
 49959 | Bazaar   | Found Lefilur's Magic Scroll Emporium.
 49962 | Bazaar   | Bought a scroll of acquirement for 364 gold pieces
 49962 | Bazaar   | Found Wadutebb's Jewellery Emporium.
 49968 | Bazaar   | Found Rytom's Antique Weapon Shop.
 50030 | Bazaar   | Bought a scroll of magic mapping for 24 gold pieces
 50030 | Bazaar   | Bought 2 scrolls of teleportation for 42 gold pieces
 50030 | Bazaar   | Bought a scroll of teleportation for 21 gold pieces
 50030 | Bazaar   | Bought a scroll of identify for 14 gold pieces
 50030 | Bazaar   | Bought a scroll of identify for 14 gold pieces
 50030 | Bazaar   | Bought a scroll of identify for 14 gold pieces
 50030 | Bazaar   | Bought a scroll of identify for 14 gold pieces
 50030 | Bazaar   | Identified the +7 scimitar "Lifra" {vamp, Dex+6} (You
                  | acquired it in a bazaar)
 50442 | Snake:4  | Reached XP level 19. HP: 189/189 MP: 35/41
 52754 | Snake:4  | Got a serpentine rune of Zot
 53119 | Orc:2    | Bought a ration for 65 gold pieces
 53119 | Orc:2    | Bought a ration for 65 gold pieces
 53119 | Orc:2    | Bought a ration for 65 gold pieces
 53119 | Orc:2    | Bought a ration for 65 gold pieces
 53119 | Orc:2    | Bought a ration for 65 gold pieces
 53119 | Orc:2    | Bought a ration for 65 gold pieces
 53119 | Orc:2    | Bought a ration for 65 gold pieces
 53119 | Orc:2    | Bought a ration for 65 gold pieces
 53119 | Orc:2    | Bought a ration for 65 gold pieces
 53119 | Orc:2    | Bought a ration for 65 gold pieces
 53128 | Orc:2    | Bought a ration for 70 gold pieces
 53128 | Orc:2    | Bought a ration for 70 gold pieces
 53128 | Orc:2    | Bought a ration for 70 gold pieces
 53128 | Orc:2    | Bought a ration for 70 gold pieces
 53128 | Orc:2    | Bought a ration for 70 gold pieces
 53128 | Orc:2    | Bought a ration for 70 gold pieces
 53128 | Orc:2    | Bought a ration for 70 gold pieces
 53128 | Orc:2    | Bought a ration for 70 gold pieces
 53128 | Orc:2    | Bought a ration for 70 gold pieces
 53128 | Orc:2    | Bought a ration for 70 gold pieces
 53128 | Orc:2    | Bought a ration for 70 gold pieces
 53128 | Orc:2    | Bought a ration for 70 gold pieces
 53161 | Elf:1    | Entered Level 1 of the Elven Halls
 53172 | Elf:1    | Learned a level 9 spell: Shatter
 53698 | Elf:1    | Identified Bogefrecw's Grimoire of Calling
 54148 | Elf:1    | Reached skill level 15 in Shields
 55661 | Elf:2    | Reached XP level 20. HP: 191/198 MP: 36/43
 55997 | Elf:2    | Found Rear's Assorted Antiques.
 56000 | Elf:2    | Bought a heavily runed cloak for 266 gold pieces
 56000 | Elf:2    | Bought a scroll labeled ZOHOPSIG BOQI for 28 gold pieces
 56001 | Elf:2    | Identified the +2 cloak of Spring {rElec rF++ Str-5 Slay+3}
                  | (You bought it in a shop on level 2 of the Elven Halls)
 56222 | Elf:2    | Found a runed translucent gate.
 56222 | Elf:2    | Found a runed translucent gate.
 56225 | Elf:2    | Found a runed translucent gate.
 57063 | Elf:3    | Entered Level 3 of the Elven Halls
 58169 | Elf:3    | Identified the +7 quarterstaff "Kiep" {flame, MR+ Dex+4}
 58173 | Elf:3    | Identified the cursed +1 mace of Courage {drain, +Fly
                  | Dex+4}
 58174 | Elf:3    | Identified the +1 robe of the Orb {MP+9}
 58174 | Elf:3    | Identified the cursed +3 dagger "Jixt" {protect, *Drain rC+
                  | Str+3}
 58179 | Elf:3    | Identified the cursed +2 quarterstaff of the Shrike {flame,
                  | MR+}
 58316 | Elf:3    | Identified the ring "Yhag" {+Fly EV+4 Str-5 SInv} (You
                  | found it on level 3 of the Elven Halls)
 58680 | Vaults:1 | Entered Level 1 of the Vaults
 59102 | Vaults:1 | Reached XP level 21. HP: 206/206 MP: 21/44
 59487 | Vaults:1 | Reached skill level 10 in Conjurations
 60300 | Vaults:1 | Found Acil's Assorted Antiques.
 62483 | Vaults:2 | Noticed Asterion
 62489 | Vaults:2 | Killed Asterion
 62567 | Vaults:2 | Found Guhijookk's Antique Armour Shop.
 62726 | Vaults:2 | Noticed Juteq's ghost (adept GnGl)
 62730 | Vaults:2 | Found a runed translucent gate.
 62730 | Vaults:2 | Found a runed translucent gate.
 62732 | Vaults:2 | Found a runed translucent gate.
 63015 | Vaults:2 | Found Nehee's Magic Scroll Shop.
 63029 | Vaults:2 | Bought a scroll of fear for 56 gold pieces
 63029 | Vaults:2 | Bought a scroll of teleportation for 48 gold pieces
 63029 | Vaults:2 | Bought a scroll of fog for 32 gold pieces
 63419 | Vaults:3 | Noticed a bone dragon
 63433 | Vaults:3 | Killed a bone dragon
 63543 | Vaults:3 | Found a staircase to the Crypt.
 63624 | Vaults:3 | Reached skill level 15 in Fighting
 64561 | Vaults:3 | Reached XP level 22. HP: 216/227 MP: 9/46
 65490 | Vaults:3 | Found Xucit's Antique Armour Boutique.
 65792 | Vaults:4 | Found a ruined gateway.
 65801 | Desolati | Entered the Desolation of Salt
 65980 | Desolati | Got a translucent marble ring
 66547 | Desolati | Identified the ring of a Million Yaks {rC+ rN+ MR+} (You
                  | found it in the Desolation of Salt)
 66614 | Desolati | Learned a level 5 spell: Borgnjor's Vile Clutch
 67119 | Desolati | Identified the cursed ring "Hyisedus" {rPois MR+ Slay-6
                  | Stlth+}
 68116 | Desolati | Identified the Incunabulum of Burning Toxins
 68158 | Desolati | Identified the Tome of Enchanting Combat Magic
 68509 | Vaults:4 | Reached XP level 23. HP: 209/235 MP: 11/47
 70326 | Crypt:1  | Entered Level 1 of the Crypt
 73522 | Crypt:3  | Entered Level 3 of the Crypt
 73983 | Crypt:3  | Reached skill level 15 in Conjurations
 74112 | Crypt:3  | Identified the Almanac of Hurtful Cold (You acquired it on
                  | level 3 of the Crypt)
 74112 | Crypt:3  | Identified the ring of Zienues {MR+ EV+5 Dex+3} (You
                  | acquired it on level 3 of the Crypt)
 74384 | Crypt:3  | Found the +10 large shield of Ignorance {rN+ Int-4}
 75011 | Crypt:3  | Found a staircase to the Tomb.
 75321 | Crypt:3  | Reached XP level 24. HP: 244/244 MP: 41/48
 75915 | Crypt:3  | Found an ancient bone altar of Kikubaaqudgha.
 76029 | Crypt:3  | Noticed an ancient lich
 76033 | Crypt:3  | Killed an ancient lich
 76844 | Depths:1 | Entered Level 1 of the Depths
 78694 | Depths:2 | Reached skill level 10 in Staves
 78836 | Depths:2 | Found a one-way gate leading to the halls of Pandemonium.
 79865 | Depths:2 | Reached skill level 10 in Evocations
 81305 | Depths:3 | Reached XP level 25. HP: 237/252 MP: 40/48
 83489 | Depths:4 | Found a gateway to a ziggurat.
 83541 | Depths:4 | Noticed the Enchantress
 83572 | Depths:4 | Killed the Enchantress
 83732 | Depths:4 | You fall into a shaft and drop 1 floor!
 83732 | Depths:5 | Entered Level 5 of the Depths
 83732 | Depths:5 | Noticed Saint Roka
 83743 | Depths:5 | Killed Saint Roka
 84666 | Depths:5 | Noticed Xtahua
 84675 | Depths:5 | Killed Xtahua
 84728 | Depths:5 | Found a gate to the Realm of Zot.
 85661 | Depths:4 | Found a corrupted altar of Lugonu.
 85661 | Depths:4 | Found a one-way gate to the infinite horrors of the Abyss.
 85739 | Depths:4 | Reached XP level 26. HP: 261/261 MP: 25/48
 85755 | Depths:4 | Noticed an ancient lich
 85856 | Depths:4 | Killed an ancient lich
 86512 | Depths:4 | Found an ancient bone altar of Kikubaaqudgha.
 88121 | Vaults:5 | Entered Level 5 of the Vaults
 88121 | Vaults:5 | Noticed an ancient lich
 88123 | Vaults:5 | Killed an ancient lich
 88131 | Vaults:5 | Noticed Mennas
 88134 | Vaults:5 | Noticed an ancient lich
 88232 | Vaults:5 | Killed an ancient lich
 88235 | Vaults:5 | Killed Mennas
 88244 | Vaults:5 | Reached XP level 27. HP: 216/277 MP: 32/48
 88649 | Vaults:5 | Noticed an ancient lich
 88805 | Vaults:5 | Killed an ancient lich
 89038 | Vaults:5 | Identified the +1 robe of Virurun {rElec rF- rC++ Dex+4}
                  | (You acquired it on level 5 of the Vaults)
 89221 | Vaults:5 | Found the +1 cloak of Starlight {rElec rC+ EV+4 Stlth--}
 89238 | Vaults:5 | Identified Sif Muna's Collected Works on the Shifting Oath
 89241 | Vaults:5 | Got a silver rune of Zot
 89244 | Vaults:5 | Got a brightly glowing marble ring
 89245 | Vaults:5 | Identified the ring "Seidelime" {+Fly rN++ MP+9} (You found
                  | it on level 5 of the Vaults)
 90441 | Vaults:2 | Killed Juteq's ghost
 91025 | Zot:1    | Entered Level 1 of the Realm of Zot
 91081 | Zot:1    | Learned a level 8 spell: Lehudib's Crystal Spear
 91083 | Zot:1    | Learned a level 1 spell: Apportation
 91088 | Zot:1    | Learned a level 4 spell: Summon Lightning Spire
 91094 | Zot:1    | Learned a level 5 spell: Aura of Abjuration
 91327 | Zot:1    | Noticed an orb of fire
 91328 | Zot:1    | Reached skill level 1 in Summonings
 91334 | Zot:1    | Killed an orb of fire
 91630 | Zot:1    | Reached skill level 5 in Dodging
 92726 | Zot:2    | Reached skill level 5 in Summonings
 94337 | Zot:3    | Noticed an ancient lich
 94339 | Zot:3    | Killed an ancient lich
 94923 | Zot:4    | Noticed an orb of fire
 94937 | Zot:4    | Killed an orb of fire
 96459 | Zot:5    | Entered Level 5 of the Realm of Zot
 96461 | Zot:5    | Noticed an orb of fire
 96466 | Zot:5    | Killed an orb of fire
 96851 | Zot:5    | Reached skill level 10 in Dodging
 97528 | Zot:5    | Noticed an ancient lich
 97535 | Zot:5    | Killed an ancient lich
 97681 | Zot:5    | Noticed an orb of fire
 97692 | Zot:5    | Killed an orb of fire
 97861 | Zot:5    | Noticed an orb of fire
 97865 | Zot:5    | Noticed an ancient lich
 97870 | Zot:5    | Killed an orb of fire
 98015 | Zot:5    | Noticed an orb of fire
 98017 | Zot:5    | Gained mutation: Your magical capacity is low. (-10% MP)
                  | [an orb of fire]
 98020 | Zot:5    | Killed an orb of fire
 98145 | Zot:5    | Noticed an orb of fire
 98157 | Zot:5    | Killed an orb of fire
 98412 | Zot:5    | Reached skill level 1 in Translocations
 98433 | Zot:5    | Noticed an orb of fire
 98442 | Zot:5    | Gained mutation: You have a pair of small horns on your
                  | head. [an orb of fire]
 98444 | Zot:5    | Killed an orb of fire
 98645 | Zot:5    | Noticed an orb of fire
 98655 | Zot:5    | Killed an orb of fire
 99135 | Zot:5    | Noticed an ancient lich
 99148 | Zot:5    | Killed an ancient lich
 99148 | Zot:5    | Reached skill level 5 in Translocations
 99445 | Zot:5    | Noticed an orb of fire
 99445 | Zot:5    | Gained mutation: You occasionally shout uncontrollably at
                  | your foes. [an orb of fire]
 99451 | Zot:5    | Noticed an orb of fire
 99451 | Zot:5    | Gained mutation: You are frail. (-10% HP) [an orb of fire]
 99454 | Zot:5    | Killed an orb of fire
 99455 | Zot:5    | Killed an orb of fire
 99455 | Zot:5    | Noticed an orb of fire
 99463 | Zot:5    | Killed an orb of fire
 99714 | Zot:5    | Noticed an orb of fire
 99716 | Zot:5    | Gained mutation: Your body sometimes deteriorates upon
                  | taking damage. [an orb of fire]
 99718 | Zot:5    | Killed an orb of fire
100435 | Zot:5    | Killed an ancient lich
100797 | Depths:2 | Lost mutation: You are frail. (-10% HP) [potion of
                  | mutation]
100797 | Depths:2 | Lost mutation: Your magical capacity is low. (-10% MP)
                  | [potion of mutation]
100797 | Depths:2 | Lost mutation: Your body sometimes deteriorates upon taking
                  | damage. [potion of mutation]
100797 | Depths:2 | Lost mutation: You have a pair of small horns on your head.
                  | [potion of mutation]
100797 | Depths:2 | Gained mutation: You are clumsy. (Dex -2) [potion of
                  | mutation]
100797 | Depths:2 | Gained mutation: Scrolls take you a little longer to read.
                  | [potion of mutation]
100797 | Depths:2 | Gained mutation: You have a somewhat thin skeletal
                  | structure. (Dex +2, Stealth) [potion of mutation]
100797 | Depths:2 | Gained mutation: You are partially covered in iridescent
                  | scales. (AC +2) [potion of mutation]
100912 | Depths:1 | Lost mutation: Scrolls take you a little longer to read.
                  | [potion of mutation]
100912 | Depths:1 | Lost mutation: You occasionally shout uncontrollably at
                  | your foes. [potion of mutation]
100912 | Depths:1 | Lost mutation: You have a somewhat thin skeletal structure.
                  | (Dex +2, Stealth) [potion of mutation]
100912 | Depths:1 | Lost mutation: You are clumsy. (Dex -2) [potion of
                  | mutation]
100912 | Depths:1 | Gained mutation: Scrolls take you a little longer to read.
                  | [potion of mutation]
100912 | Depths:1 | Gained mutation: You are agile. (Dex +2) [potion of
                  | mutation]
100912 | Depths:1 | Gained mutation: You are mostly covered in iridescent
                  | scales. (AC +4) [potion of mutation]
100912 | Depths:1 | Gained mutation: Your flesh is heat resistant. (rF+)
                  | [potion of mutation]
101176 | Zot:5    | Got the Orb of Zot
101295 | Depths:5 | Reached skill level 15 in Dodging
101852 | D:$      | Escaped with the Orb!
